 Dungeon Sprint DCSS version 0.31-a0-348-g810772c3d7 (webtiles) character file.

Game seed: 5597018548514302058

163 Conn the Arsonist (level 5, 0/31 HPs)
             Began as an Octopode Fire Elementalist on July 23, 2023.
             Slain by a human
             ... wielding a +0 whip
              (11 damage)
             ... in the Dungeon (Sprint III: "The Ten Rune Challenge").
             The game lasted 00:01:44 (352 turns).

Conn the Arsonist (Octopode Fire Elementalist)       Turns: 352, Time: 00:01:44

Health: 0/31       AC:  1    Str:  6    XL:     5   Next: 44%
Magic:  5/12       EV: 14    Int: 27    God:
Gold:   27         SH:  0    Dex: 10    Spells: 4/14 levels left

rFire   . . .        (no weapon)
rCold   . . .        (no shield)
rNeg    . . .        (helmet restricted)
rPois   .            (no amulet)
rElec   +            (no ring)
rCorr   .            (no ring)
SInv    .            (no ring)
Will    .....        (no ring)
Stlth   +++++        (no ring)
HPRegen 0.25/turn    (no ring)
MPRegen 0.13/turn    (no ring)
                     (no ring)

%: no teleportation
@: no status effects
A: almost no armour, amphibious, 8 rings, camouflage 1, gelatinous body 1,
nimble swimmer 1, tentacles, clever 2, electricity resistance, no potion heal 1
a: no special abilities


You were in the Dungeon.
You visited 1 branch You collected 27 gold pieces.

Inventory:

Scrolls
 f - a scroll of blinking
 g - a scroll of torment
 h - a scroll of fear
 j - a scroll of poison {unknown}
Potions
 a - 3 potions of magic
 b - a potion of curing
 c - a potion of heal wounds
 d - a potion of haste
 e - a potion of berserk rage
 i - a potion of degeneration {unknown}
 l - 2 potions of enlightenment
 m - 4 potions of mutation


   Skills:
 + Level 4.1 Dodging
 + Level 4.9 Stealth
 + Level 5.1 Spellcasting
 + Level 2.7 Conjurations
 + Level 8.0 Fire Magic


You had 4 spell levels left.
You knew the following spells:

 Your Spells              Type           Power      Damage    Failure   Level
a - Foxfire               Conj/Fire      100%       2x1d9     1%          1
b - Scorch                Fire           100%       2d9       1%          2
c - Inner Flame           Hex/Fire       28%        N/A       4%          3
d - Flame Wave            Conj/Fire      35%        2d10      8%          4

Your spell library contained the following spells:

 Spells                   Type           Power      Damage    Failure   Level
 Volatile Blastmotes      Fire/Tloc      56%        2d14      4%          3


Dungeon Overview and Level Annotations

Branches:
Dungeon (1/1)

Altars:


Innate Abilities, Weirdness & Mutations

You cannot wear most types of armour.
You are amphibious.
You can wear up to eight rings at the same time.
Your skin changes colour to match your surroundings (Stealth+).
Your rubbery body absorbs attacks. (AC +1, EV +1)
You are camouflaged when in or above water. (Stealth+)
You have tentacles for arms and can constrict up to eight enemies at once.
Your mind is very acute. (Int +8, Str/Dex -2)
You are resistant to electric shocks. (rElec)
Potions are less effective at restoring your health.


Message History

You hear a shout! x13
Magic restored.
You hear a shout!
You open the door. 2 humans come into view.
The human shouts!
You enter the shallow water.
The human rages.
Casting: Scorch (safe; 1% risk of failure)
Confirm with . or Enter, or press ? or * to list all spells.
Flames lash the human.
The human is lightly wounded.
The human's fire resistance burns away.
Unknown command.
Casting: Scorch (safe; 1% risk of failure)
Confirm with . or Enter, or press ? or * to list all spells.
The spell is quite dangerous to miscast (8% risk of failure)!
Continue anyway?
Casting: Flame Wave (quite dangerous; 8% risk of failure)
Press: ? - help, Dir - look around, f - activate A wave of flame ripples out!
The flame wave engulfs the human!
The human is burned terribly!
The human is moderately wounded.
The tree burns like a torch! (Press . to intensify the flame waves.)
The human is engulfed in a cloud of scalding steam.
The human splashes around in the water.
The human is engulfed in a cloud of scalding steam.
The human hits you with a +0 whip!
Unknown command.
Unknown command.
A wave of flame ripples out!
The flame wave engulfs the human!!
The human is burned terribly!
The human is almost dead.
The flame wave engulfs the human!
The human is heavily wounded.
The tree burns like a torch!
You are engulfed in a cloud of scalding steam.
The human is engulfed in a cloud of scalding steam.
The human hits you with a +0 whip!
You die...

▓▓▓▓▓▓▓▓▓▓▓▓▓ ▓▓▓
▓<.#..'...♣.♣ ♣.#
▓..#..#....♣ ♣.#
▓#'####....♣♣♣ ♣.#
▓.....#....~.♣♣♣♣.# #+#'#
▓.....#...§§.§.♣..#......
▓.....#..~§§§§p...'.⌠....
▓####'#..~§§@p§...#...###
▓[....#.~~§§§§§...# ⌠.#
▓....)#.~≈§§§.....# .#
▓.....#.~~~.......# #
▓'#####...........#
▓.................#
▓▓▓▓▓▓▓▓▓▓▓▓▓▓▓▓▓▓▓


You could see 2 humans.

Vanquished Creatures
  A water elemental (D)
  A scorpion (D)
  Jessica (D)
  A human (D)
  An endoplasm (D)
  A rat (D)
6 creatures vanquished.

Vanquished Creatures (others)
  20 foxfires (D)
20 creatures vanquished.

Grand Total: 26 creatures vanquished

Notes
Turn   | Place    | Note
-------+----------+-------------------------------------------
     0 | D        | Conn the Octopode Fire Elementalist began the quest for the
                  | Orb.
     0 | D        | Reached XP level 1. HP: 11/11 MP: 3/3
    71 | D        | Noticed Jessica
    76 | D        | Killed Jessica
    77 | D        | Reached skill level 5 in Fire Magic
    77 | D        | Reached XP level 2. HP: 17/17 MP: 0/6
    77 | D        | Reached XP level 3. HP: 21/21 MP: 0/7
    80 | D        | Learned a level 2 spell: Scorch
    84 | D        | Learned a level 3 spell: Inner Flame
   154 | D        | Noticed a scorpion
   168 | D        | Killed a scorpion
   169 | D        | Reached skill level 7 in Fire Magic
   169 | D        | Reached XP level 4. HP: 23/27 MP: 1/10
   265 | D        | Gained mutation: You occasionally shout uncontrollably at
                  | your foes. [potion of mutation]
   265 | D        | Gained mutation: You are frail. (-10% HP) [potion of
                  | mutation]
   265 | D        | Gained mutation: Your system is resistant to poisons.
                  | (rPois) [potion of mutation]
   266 | D        | Lost mutation: You occasionally shout uncontrollably at
                  | your foes. [potion of mutation]
   266 | D        | Lost mutation: You are frail. (-10% HP) [potion of
                  | mutation]
   266 | D        | Lost mutation: Your system is resistant to poisons. (rPois)
                  | [potion of mutation]
   266 | D        | Gained mutation: Your mind is acute. (Int +4, Str/Dex -1)
                  | [potion of mutation]
   266 | D        | Gained mutation: You are resistant to electric shocks.
                  | (rElec) [potion of mutation]
   266 | D        | Gained mutation: Potions are less effective at restoring
                  | your health. [potion of mutation]
   266 | D        | Gained mutation: Your mind is very acute. (Int +8, Str/Dex
                  | -2) [potion of mutation]
   274 | D        | Learned a level 4 spell: Flame Wave
   293 | D        | Noticed a water elemental
   295 | D        | Killed a water elemental
   296 | D        | Reached skill level 5 in Spellcasting
   296 | D        | Reached skill level 8 in Fire Magic
   296 | D        | Reached XP level 5. HP: 31/31 MP: 6/12
   344 | D        | Noticed a human
   344 | D        | Noticed a human
   352 | D        | Slain by a human

Illustrated notes

Levels and vault maps discovered:
D:        dungeon_sprint_mu [sprint_mu_entry_forest, sprint_mu_temple_rooms,
          sprint_mu_d1_horrors, sprint_mu_d2_genie, sprint_mu_d3_branching,
          sprint_mu_orc_legion, sprint_mu_elf_gauntlet, sprint_mu_hive_nellie,
          sprint_mu_lair_fedhas, sprint_mu_vaults_butterflies,
          sprint_mu_slime_circle, sprint_mu_swamp_cave, sprint_mu_snake_twists,
          sprint_mu_blade_basic, sprint_mu_crypt_lich, sprint_mu_tomb_spiral,
          sprint_mu_vestibule_basic, sprint_mu_gehenna_hellfire,
          sprint_mu_dis_giant, sprint_mu_tartarus_statrot,
          sprint_mu_cocytus_islands, sprint_mu_zot1]

Skill      XL: |  1  2  3  4 |
---------------+-------------+-----
Stealth        | 3 4 |  4.9
Spellcasting   | 3 4 5 |  5.1
Fire Magic     | 5 7 8 |  8.0
Dodging        | 3 4 |  4.1
Conjurations   | 2 |  2.7

Action                     |  1- 3 |  4- 6 || total
---------------------------+-------+-------++-------
  Melee: Unarmed           |     2 |       ||     2
         Tentacles         |     1 |       ||     1
   Cast: Foxfire           |    10 |       ||    10
         Scorch            |     1 |     3 ||     4
         Flame Wave        |       |     1 ||     1
    Use: Scroll            |       |     2 ||     2
         Potion            |       |     2 ||     2
  Dodge: Dodged            |     2 |       ||     2

Table legend: (Time is in decaauts)
 A = Elapsed time spent in this place.
 B = Non-inter-level travel time spent in this place.
 C = Inter-level travel time spent in this place.
 D = Time resting spent in this place.
 E = Time spent auto-exploring this place.
 F = Levels seen in this place.
 G = Mean time per level.
                   A        B        C        D        E       F      G
               +--------+--------+--------+--------+--------+-----+--------+
         Total |    352 |    352 |      0 |    219 |      0 |   1 |  352.0 |
       Dungeon |    352 |    352 |      0 |    219 |      0 |   1 |  352.0 |
               +--------+--------+--------+--------+--------+-----+--------+

Top non-repeatable levels by time:
       D: 352 daAuts
